Map: Dusk Towers

Players

Honor - Winner!

  • Race: Terran Terran
  • League: Master

A.I. 1 (Elite)

  • Race: Protoss Protoss

VOD

Have the link to the VOD?

Description

Time

  • Played on: Dec. 7, 2015, 11:27 a.m.
  • Length: 6:56
Show
View Real Time Build Order
Export as new Build Order

Honor Terran - Winner!

Build Orders:  

Get SALT Encoding   

  12  0:01  SCV  
  13  0:13  SCV  
  14  0:17  Supply Depot  
  14  0:25  SCV  
  15  0:39  SCV  
  15  0:42  Barracks  
  16  0:48  Refinery  
  16  0:51  SCV  
  17  1:03  SCV  
  18  1:05  Barracks  
  18  1:15  SCV  
  19  1:29  Barracks Tech Lab  
  19  1:31  Orbital Command  
  19  1:39  Barracks  
  19  1:47  Marine  
  19  1:52  Marine  
  21  2:00  Stimpack  
  21  2:09  Marine  
  21  2:11  Supply Depot  
  22  2:17  Barracks Reactor  
  22  2:28  Marine  
  23  2:37  Barracks Reactor  
  23  2:46  Supply Depot, Marauder  
  25  2:53  Marine  
  25  2:54  Marine  
  27  3:08  Marauder  
  27  3:09  Supply Depot  
  27  3:11  Marine  
  27  3:12  Marine  
  31  3:14  Marine x2  
  33  3:29  Marauder, Marine x2  
  33  3:31  Marine  
  33  3:32  Supply Depot, Marine  
  39  3:47  Marine x2  
  41  3:49  Marine x2  
  41  3:51  Marauder  
  41  3:54  Supply Depot  
  45  4:05  Marine x2  
  45  4:07  Marine x2  
  49  4:12  Marauder  
  49  4:17  Supply Depot  
  51  4:23  Marine x2  
  53  4:25  Marine x2  
  52  4:33  Marauder  
  50  4:40  Marine  
  50  4:41  Marine  
  50  4:43  Marine x2  
  53  4:55  Marauder  
  53  4:58  Marine x2  
  55  5:01  Marine x2  
  49  5:16  Marine x2  
  49  5:18  Marine x2  
  49  5:23  Marauder  
  49  5:34  Marine x2  
  50  5:36  Marine x2  
  52  5:44  Marauder  
  53  5:52  Marine x2  
  53  5:54  Marine x2  
  57  6:06  Marauder  
  57  6:09  Marine  
  57  6:10  Marine  
  61  6:12  Marine x2  
  61  6:16  Supply Depot  
  63  6:27  Marine x2, Marauder  
  63  6:30  Marine x2  
Show
View Real Time Build Order
Export as new Build Order

A.I. 1 (Elite) Protoss 

Build Orders: 1 Gate Expand 

Get SALT Encoding   

  12  0:01  Probe (Chrono Boost)  
  13  0:11  Probe (Chrono Boost)  
  14  0:20  Pylon  
  14  0:22  Probe (Chrono Boost)  
  15  0:38  Probe (Chrono Boost)  
  16  0:49  Probe (Chrono Boost), Gateway  
  17  1:00  Probe (Chrono Boost)  
  18  1:07  Assimilator  
  18  1:10  Probe (Chrono Boost)  
  18  1:11  Pylon  
  19  1:21  Probe (Chrono Boost)  
  20  1:30  Nexus  
  20  1:42  Cybernetics Core  
  20  1:44  Probe (Chrono Boost)  
  21  1:49  Zealot  
  23  2:04  Gateway  
  23  2:06  Probe (Chrono Boost)  
  24  2:15  Pylon  
  24  2:17  Probe (Chrono Boost)  
  24  2:20  Zealot  
  27  2:24  Warp Gate  
  27  2:28  Probe (Chrono Boost)  
  28  2:39  Assimilator  
  28  2:40  Probe (Chrono Boost)  
  28  2:43  Probe (Chrono Boost)  
  30  2:45  Adept  
  32  2:54  Adept  
  32  2:58  Probe (Chrono Boost)  
  35  3:03  Pylon  
  35  3:05  Probe (Chrono Boost)  
  36  3:10  Adept  
  38  3:20  Sentry  
  38  3:22  Probe (Chrono Boost)  
  38  3:25  Probe (Chrono Boost)  
  43  3:34  Probe (Chrono Boost)  
  43  3:35  Stalker  
  43  3:37  Probe (Chrono Boost)  
  46  3:42  Robotics Facility  
  46  3:45  Probe (Chrono Boost)  
  46  3:47  Adept  
  46  3:48  Probe (Chrono Boost)  
  51  3:56  Probe (Chrono Boost)  
  51  4:00  Probe (Chrono Boost)  
  52  4:04  Adept  
  52  4:06  Pylon  
  52  4:08  Probe (Chrono Boost)  
  55  4:11  Probe (Chrono Boost)  
  56  4:19  Probe (Chrono Boost)  
  56  4:22  Probe (Chrono Boost)  
  58  4:25  Stalker  
  58  4:26  Immortal  
  58  4:30  Probe (Chrono Boost)  
  63  4:32  Pylon  
  63  4:34  Probe (Chrono Boost)  
  52  4:38  Adept  
  51  4:47  Adept  
  49  4:57  Adept  
  45  5:05  Stalker  
  39  5:07  Probe (Chrono Boost)  
  39  5:11  Probe (Chrono Boost)  
  33  5:15  Stalker  
  27  5:26  Adept  
  18  5:36  Zealot  
Tags
 
Add a new tag
Caveats
  • Supply blocks, unpowered buildings, or Contaminate may cause inaccurate times.
  • Supply counts are checked every 10 seconds.